 Adventure DCSS version bcrawl-1.23.1 (webtiles) character file.

Game seed: 6098058780032227965

3670 funkygono the Basher (level 9, -4/81 HPs)
             Began as a Minotaur Fighter on May 24, 2020.
             Was a High Priest of Okawaru.
             Slain by a death yak (9 damage)
             ... on level 7 of the Dungeon.
             The game lasted 00:16:57 (7243 turns).

funkygono the Basher (Minotaur Fighter)             Turns: 7243, Time: 00:16:57

Health: -4/81      AC: 19    Str: 23    XL:     9   Next: 89%
Magic:  8/8        EV:  9    Int:  5    God:    Okawaru [*****.]
Gold:   610        SH: 11    Dex: 11    Spells: 8/8 levels left
                                        Lives:  0   Deaths: 2

rFire    . . .     SeeInvis +   a - +5 flail
rCold    . . .     Gourm    .   c - +0 medium shield
rNeg     . . .     Faith    .   v - +4 scale mail of Guz Muus {rElec SInv}
rPois    .         Spirit   .   o - +2 hat
rElec    +         Reflect  .   (no cloak)
rCorr    .         Harm     .   y - +0 pair of gloves
MR       .....                  H - +2 pair of boots {Fly}
Stlth    ..........             (no amulet)
HPRegen  0.23/turn              (no ring)
MPRegen  0.11/turn              (no ring)

@: flying
A: retaliatory headbutt, horns 2
a: Heroism, Finesse, Renounce Religion, Stop Flying


You were on level 7 of the Dungeon.
You worshipped Okawaru.
Okawaru was extremely pleased with you.
You were not hungry.

You visited 2 branches of the dungeon, and saw 8 of its levels.
You also visited: Sewer and Ossuary.

You collected 827 gold pieces.
You spent 217 gold pieces at shops.

Inventory:

Hand Weapons
 a - a +5 flail (weapon)
 t - the +0 spear "Ruyxuxiy" {holy, rPois Int+3 Stlth+}
   (You took it off an orc on level 3 of the Dungeon)

   It has been blessed by the Shining One to cause great damage to the undead
   and demons.
   It affects your intelligence (+3).
   It protects you from poison.
   It makes you more stealthy.
 D - a +1 whip of flaming
 K - a +0 morningstar of venom
Missiles
 f - 1193 arrows
 g - 2087 stones (quivered)
 l - 452 sling bullets
 m - 336 bolts
 C - 99 poisoned needles
Armour
 b - a +0 scale mail
 c - a +0 medium shield (worn)
 o - a +2 hat (worn)
 v - the +4 scale mail of Guz Muus (worn) {rElec SInv}
   (You took it off an orc on level 3 of the Dungeon)

   It insulates you from electricity.
   It lets you see invisible.
 y - a +0 pair of gloves (worn)
 H - a +2 pair of boots of flying (worn)
Wands
 k - a wand of flame (7)
 n - a wand of polymorph (14)
 F - a wand of paralysis (4)
Scrolls
 h - 8 scrolls of teleportation
 j - 2 scrolls of blinking
 z - 4 scrolls of magic mapping
 G - a scroll of amnesia
Potions
 d - 2 potions of might
 i - 2 potions of heal wounds
 p - 3 potions of lignification
 q - a potion of mutation
 r - 2 potions of flight
 s - 3 potions of brilliance
 u - a potion of magic
 x - 3 potions of ambrosia
 A - 5 potions of curing
 B - 2 potions of haste
 E - a potion of degeneration
 I - a potion of agility
 J - a potion of cancellation {unknown}
Comestibles
 e - 11 rations {!d}
 w - a chunk of flesh


   Skills:
 + Level 8.2 Fighting
 + Level 11.5 Maces & Flails
 + Level 9.4 Armour
 + Level 5.7 Dodging
 + Level 1.3 Stealth
 + Level 7.6 Shields
 + Level 0.6 Invocations
 + Level 0.3 Evocations


You had 8 spell levels left.
You didn't know any spells.
Your spell library contained the following spells:

 Spells                   Type           Power        Failure   Level  Hunger
 Confuse                  Hex            #.......     100%        3    ####...
 Dazzling Spray           Conj/Hex       #.....       100%        3    ####...
 Petrify                  Tmut/Erth      #.......     100%        4    #####..
 Yara's Violent Unravell  Hex/Tmut       #.........   100%        4    #####..
 Metabolic Englaciation   Hex/Ice        #.........   100%        5    ######.
 Mana Rupture             Conj/Hex       #.........   100%        7    #######


Dungeon Overview and Level Annotations

Branches:
Dungeon (7/12)             Temple (1/1) D:6            Lair (0/6) D:7

Altars:
Ashenzari
Cheibriados
Dithmenos
Elyvilon
Fedhas
Gozag
Hepliaklqana
Kikubaaqudgha
Lugonu
Makhleb
Nemelex Xobeh
Okawaru
Qazlal
Ru
Sif Muna
Trog
Uskayaw
Vehumet
Wu Jian
Xom
Yredelemnul
Zin
Beogh

Shops:
D:4 !*[:   D:6 [


Innate Abilities, Weirdness & Mutations

You reflexively headbutt those who attack you in melee.
You have a pair of horns on your head.


Message History

The death yak is moderately wounded.
You block the death yak's attack.
You hit the death yak but do no damage.
The death yak is moderately wounded.
You block the death yak's attack.
You hit the death yak. You headbutt the death yak.
The death yak is moderately wounded.
The death yak gores you but does no damage.
You thump the death yak!
You headbutt the death yak, but do no damage.
The death yak is heavily wounded.
The death yak gores you!
* * * LOW HITPOINT WARNING * * *
You hit the death yak but do no damage.
The death yak is heavily wounded.
The death yak gores you but does no damage.
You barely miss the death yak. You headbutt the death yak.
The death yak is heavily wounded.
The death yak gores you!
You die...

..........##.....###.............
.................................
#.................#..##........##
#............#....#............##
##......##...#.#............<..##
#............Y.#.................
.....##.....Y...Y.............##.
##.#.........###Y###.........###.
#.#.........# #@# #......#..###.
#..........Y###.###.....###.#...
#.........YYY†._###.##.>###.....
###.........Y###.###..##...#.....
#............# #.# #...#.........
###....##....###+###.......#.....
###...#.................#......
##....##...##........###.....
##..####..##................


You could see a death yak and a yak.

Vanquished Creatures
  4 death yaks (D:7)
  Pikel (D:7)
  The ghost of dscm the Cutter, a novice KoFi (D:3)
  A troll (D:5)
  A yak (D:7)
  Duvessa (D:4)
  2 sky beasts
  3 slaves (D:7)
  A black bear (D:6)
  A phantom (D:4)
  2 necrophages (D:7)
  3 centaurs
  2 big kobolds (Sewer)
  A bullfrog (D:7)
  Dowan (D:4)
  A scorpion (D:7)
  2 wights (D:6)
  A centaur zombie (D:5)
  2 crimson imps
  2 hounds
  4 orc wizards
  2 orc priests
  A jelly (D:7)
  A bullfrog skeleton (D:4)
  Ijyb (D:3)
  Terence (D:2)
  5 worker ants
  A big kobold zombie (Ossuary)
  8 mummies (Ossuary)
  3 gnolls (D:5)
  7 adders
  A river rat (Sewer)
  5 oozes
  6 worms
  3 dart slugs
  30 orcs
  3 ball pythons (Sewer)
  4 giant cockroaches
  6 goblins
  7 hobgoblins
  4 jackals
  8 kobolds
  2 quokkas
  2 bats
  4 frilled lizards
  2 gnoll zombies (Ossuary)
  A goblin zombie (D:4)
  A hobgoblin zombie (Ossuary)
  A jackal skeleton (D:4)
  2 kobold zombies (Ossuary)
  2 orc zombies (Ossuary)
  A quokka zombie (D:4)
  7 rats
169 creatures vanquished.

Notes
Turn   | Place    | Note
-------+----------+-------------------------------------------
     0 | D:1      | funkygono the Minotaur Fighter began the quest for the Orb.
     0 | D:1      | Reached XP level 1. HP: 19/19 MP: 0/0
   471 | D:1      | Reached XP level 2. HP: 27/27 MP: 1/1
   722 | D:1      | Reached XP level 3. HP: 30/33 MP: 2/2
  1184 | D:2      | Reached skill level 3 in Maces & Flails
  1298 | D:2      | Noticed Terence
  1306 | D:2      | Killed Terence
  1306 | D:2      | Reached XP level 4. HP: 26/40 MP: 3/3
  2028 | D:3      | Found a glowing drain.
  2040 | D:3      | Reached skill level 4 in Maces & Flails
  2055 | Sewer    | Entered a sewer
  2286 | Sewer    | Noticed a big kobold
  2297 | Sewer    | Killed a big kobold
  2297 | Sewer    | Reached XP level 5. HP: 31/46 MP: 4/4
  2469 | Sewer    | Reached skill level 5 in Maces & Flails
  2469 | Sewer    | Reached skill level 5 in Armour
  2469 | Sewer    | Reached skill level 1 in Dodging
  2469 | Sewer    | Reached XP level 6. HP: 47/53 MP: 5/5
  2681 | D:3      | Noticed Ijyb
  2716 | D:3      | Killed Ijyb
  2975 | D:3      | Found a hazy altar of Hepliaklqana.
  3026 | D:3      | Noticed dscm's ghost (novice KoFi)
  3028 | D:3      | Found a runed translucent gate.
  3028 | D:3      | Found a runed translucent gate.
  3028 | D:3      | Found a runed translucent gate.
  3028 | D:3      | Identified the +0 spear "Ruyxuxiy" {holy, rPois Int+3
                  | Stlth+}
  3028 | D:3      | Identified the +4 scale mail of Guz Muus {rElec SInv}
  3071 | D:3      | Killed dscm's ghost
  3071 | D:3      | Reached skill level 5 in Fighting
  3071 | D:3      | Reached skill level 5 in Shields
  3071 | D:3      | Reached XP level 7. HP: 30/61 MP: 6/6
  3234 | D:3      | Found a roughly hewn altar of Beogh.
  3725 | D:4      | Found a sand-covered staircase.
  3734 | Ossuary  | Entered an ossuary
  3755 | Ossuary  | Reached skill level 6 in Maces & Flails
  3763 | Ossuary  | Slain by a mummy
  3764 | Ossuary  | Reached XP level 6. HP: -2/56 MP: 5/5
  4148 | D:4      | Found Riluoq's Book Shop.
  4165 | D:4      | Found Xaotawia's Assorted Antiques.
  4169 | D:4      | Found Huqu's Antique Armour Shop.
  4215 | D:4      | Bought a pair of embroidered boots for 217 gold pieces
  4246 | D:4      | Reached XP level 7. HP: 61/61 MP: 6/6
  4267 | D:4      | Found a sparkling altar of Nemelex Xobeh.
  4469 | D:4      | Found Kaoryn's Distillery.
  4549 | D:4      | Noticed Duvessa
  4550 | D:4      | Noticed Dowan
  4558 | D:4      | Killed Duvessa
  4558 | D:4      | Reached skill level 7 in Maces & Flails
  4563 | D:4      | Killed Dowan
  4704 | D:4      | Found an iron altar of Okawaru.
  4721 | D:4      | Became a worshipper of Warmaster Okawaru
  4992 | D:5      | Entered Level 5 of the Dungeon
  5079 | D:5      | Noticed a troll
  5093 | D:5      | Killed a troll
  5093 | D:5      | Reached * piety under Okawaru
  5093 | D:5      | Reached XP level 8. HP: 17/70 MP: 7/7
  5151 | D:5      | HP: 3/70 [orc/+0 flail (1)]
  5406 | D:5      | Reached skill level 8 in Maces & Flails
  5664 | D:5      | Found a radiant altar of Vehumet.
  5672 | D:5      | Found a glowing silver altar of Zin.
  6027 | D:6      | Found Jiewk's Armour Shop.
  6109 | D:6      | Found a staircase to the Ecumenical Temple.
  6115 | Temple   | Entered the Ecumenical Temple
  6328 | D:6      | Reached ** piety under Okawaru
  6478 | D:6      | Found an iron altar of Okawaru.
  6687 | D:7      | Reached XP level 9. HP: 78/78 MP: 8/8
  6718 | D:7      | Reached skill level 9 in Maces & Flails
  6772 | D:7      | Noticed a death yak
  6773 | D:7      | Noticed a death yak
  6780 | D:7      | Noticed a death yak
  6782 | D:7      | Noticed a death yak
  6784 | D:7      | Noticed a death yak
  6788 | D:7      | Killed a death yak
  6788 | D:7      | Reached skill level 5 in Dodging
  6788 | D:7      | Reached skill level 1 in Stealth
  6794 | D:7      | Found a shadowy altar of Dithmenos.
  6805 | D:7      | HP: 1/79 [death yak (3)]
  6806 | D:7      | Killed a death yak
  6806 | D:7      | Reached *** piety under Okawaru
  6806 | D:7      | Reached skill level 10 in Maces & Flails
  6809 | D:7      | Slain by a death yak
  6810 | D:7      | Reached XP level 8. HP: -3/73 MP: 7/7
  6944 | D:7      | Noticed Pikel
  6967 | D:7      | Killed Pikel
  6967 | D:7      | Reached **** piety under Okawaru
  6967 | D:7      | Reached XP level 9. HP: 53/79 MP: 8/8
  7078 | D:7      | Found a staircase to the Lair.
  7220 | D:7      | Killed a death yak
  7220 | D:7      | Reached skill level 11 in Maces & Flails
  7230 | D:7      | Killed a death yak
  7230 | D:7      | Reached ***** piety under Okawaru
  7243 | D:7      | Slain by a death yak

Skill      XL: |  1  2  3  4  5  6  7  8  9 |
---------------+----------------------------+-----
Shields        | 4 5 6 7 |  7.6
Armour         | 4 5 7 8 9 |  9.4
Maces & Flails | 3 4 5 7 8 11 | 11.5
Fighting       | 4 5 6 8 |  8.2
Dodging        | 1 2 4 5 |  5.7
Stealth        | 1 |  1.3
Invocations    | |  0.6
Evocations     | |  0.3

Action                   |  1- 3 |  4- 6 |  7- 9 || total
-------------------------+-------+-------+-------++-------
Melee: Flail             |    81 |   188 |   317 ||   586
       Headbutt          |     8 |    22 |    78 ||   108
       Unarmed           |       |    26 |       ||    26
Invok: Heroism           |       |       |     4 ||     4
Evoke: Wand              |     3 |     2 |       ||     5
  Use: Scroll            |     4 |     3 |    16 ||    23
       Potion            |       |     3 |     3 ||     6
 Stab: Invisible         |       |       |     1 ||     1
  Eat: Chunk             |     1 |     6 |     8 ||    15
       Ration            |       |       |     1 ||     1
Armor: Scale mail        |    47 |    74 |   169 ||   290
Dodge: Dodged            |    16 |    40 |   102 ||   158
Block: Medium shield     |    41 |    77 |   169 ||   287
